 Dungeon Crawl Stone Soup version 0.27.1-34-g3ba077fa99 (webtiles) character file.

Game seed: 7789450820928407470

4288 alasdair19 the Carver (level 10, -5/86 HPs)
             Began as a Minotaur Fighter on Jan 25, 2022.
             Was a Priest of Okawaru.
             Slain by a skeletal warrior (12 damage)
             ... led by a skeletal warrior
             ... on level 7 of the Dungeon.
             The game lasted 00:20:51 (9137 turns).

alasdair19 the Carver (Minotaur Fighter)            Turns: 9137, Time: 00:20:52

Health: -5/86      AC: 16    Str: 23    XL:     10   Next: 11%
Magic:  12/12      EV:  5    Int:  6    God:    Okawaru [***...]
Gold:   250        SH: 11    Dex: 10    Spells: 9/9 levels left

rFire    . . .     SeeInvis .   e - +0 scimitar
rCold    . . .     Faith    .   c - +0 kite shield
rNeg     . . .     Spirit   .   x - +0 plate armour
rPois    .         Reflect  .   (helmet restricted)
rElec    .         Harm     .   f - +0 cloak
rCorr    .         Rampage  .   (no gloves)
Will     .....                  d - +0 pair of boots
Stlth    ..........             (no amulet)
HPRegen  0.24/turn              (no ring)
MPRegen  0.13/turn              (no ring)

@: no status effects
A: horns 2, retaliatory headbutt
a: Renounce Religion, Heroism


You were on level 7 of the Dungeon.
You worshipped Okawaru.
Okawaru was most pleased with you.
You visited 1 branch of the dungeon, and saw 8 of its levels.

You collected 354 gold pieces.
You spent 104 gold pieces at shops.

Inventory:

Hand Weapons
 a - a +1 long sword
 e - a +0 scimitar (weapon)
 q - a +0 hunting sling
Missiles
 j - 4 boomerangs of dispersal (quivered)
 B - 27 sling bullets
Armour
 b - a +0 scale mail
 c - a +0 kite shield (worn)
 d - a +0 pair of boots (worn)
 f - a +0 cloak (worn)
 x - a +0 plate armour (worn)
Jewellery
 h - an amulet of faith
Wands
 n - a wand of polymorph (9)
 p - a wand of flame (12)
 v - a wand of iceblast (8)
Scrolls
 g - 2 scrolls of enchant weapon
 l - a scroll of enchant armour
 m - 2 scrolls of teleportation
 s - 3 scrolls of fear
 u - a scroll of holy word {unknown}
 y - a scroll of brand weapon {unknown}
 A - a scroll of fog {unknown}
Potions
 i - a potion of brilliance
 k - a potion of haste
 r - a potion of magic
 t - a potion of curing
 z - a potion of experience {unknown}


   Skills:
 + Level 7.3 Fighting
 + Level 10.1 Long Blades
 * Level 3.0 Slings
 + Level 0.2(1.6) Throwing
 + Level 8.6 Armour
 - Level 0.3 Dodging
 + Level 8.2 Shields
 * Level 4.5 Invocations
 - Level 2.2 Evocations


You had 9 spell levels left.
You didn't know any spells.
Your spell library contained the following spells:

 Spells                   Type           Power      Damage    Failure   Level
 Foxfire                  Conj/Fire      0%         2x1d4     100%        1
 Passwall                 Tmut/Erth      0%         N/A       100%        2
 Slow                     Hex            0%         N/A       100%        2
 Confusing Touch          Hex            0%         N/A       100%        3
 Conjure Flame            Conj/Fire      0%         6-21      100%        3
 Inner Flame              Hex/Fire       0%         N/A       100%        3
 Swiftness                Air            0%         N/A       100%        3
 Yara's Violent Unravell  Hex/Tmut       0%         3d3       100%        5
 Invisibility             Hex            0%         N/A       100%        6


Dungeon Overview and Level Annotations

Branches:
Dungeon (8/15)             Temple (0/1) D:6
   Lair: D:8-11

Altars:
Okawaru
Vehumet
Xom
Yredelemnul
Zin

Shops:
D:1 ?   D:2 (   D:6 [


Innate Abilities, Weirdness & Mutations

You have a pair of horns on your head.
You reflexively headbutt those who attack you in melee.


Message History

You block the skeletal warrior's attack.
You closely miss the skeletal warrior.
The skeletal warrior is lightly damaged.
The skeletal warrior hits you with a +0 scimitar!
You block the skeletal warrior's attack.
You hit the skeletal warrior.
You headbutt the skeletal warrior, but do no damage.
The skeletal warrior is lightly damaged.
You block the skeletal warrior's attack.
You slash the skeletal warrior!
The skeletal warrior is moderately damaged.
The skeletal warrior hits you with a +0 scimitar!
You hit the skeletal warrior but do no damage.
Your headbutt misses the skeletal warrior.
The skeletal warrior is moderately damaged.
You block the skeletal warrior's attack.
You barely miss the skeletal warrior.
The skeletal warrior is moderately damaged.
You block the skeletal warrior's attack.
You hit the skeletal warrior but do no damage.
The skeletal warrior is moderately damaged.
The skeletal warrior hits you with a +0 scimitar!!
You slash the skeletal warrior!
The skeletal warrior is moderately damaged.
The skeletal warrior hits you with a +0 scimitar!
* * * LOW HITPOINT WARNING * * *
You hit the skeletal warrior but do no damage.
Your headbutt misses the skeletal warrior.
The skeletal warrior is moderately damaged.
You block the skeletal warrior's attack.
You barely miss the skeletal warrior.
Your headbutt misses the skeletal warrior.
The skeletal warrior is moderately damaged.
You block the skeletal warrior's attack.
The skeletal warrior hits you with a +0 scimitar!
* * * LOW HITPOINT WARNING * * *
You climb upwards.
There is a stone staircase leading down here.
The skeletal warrior hits you with a +0 scimitar!
You die...

######## #......#
#.####.# #.#....#
#.#.####
#....#########
#####.............
#>z.......#..#####
#@###........#
#.###.#.#....#####
#.#(..............
#.......#.#.###.##
#.......#.......#
######.#####.####.##.#
#..(...# #.# #..#.#
#>####.# #.# ##†#.#
#.# #.#####.#####.#.##


You could see a skeletal warrior.

Vanquished Creatures
  A skeletal warrior (D:8)
  The ghost of sobakacece the Cleaver, a novice MiFi (D:6)
  Grinder (D:5)
  A hornet (D:8)
  Sigmund (D:3)
  A steam dragon (D:8)
  An acid dragon (D:5)
  A water moccasin (D:7)
  A black bear (D:6)
  3 sky beasts
  An orc warrior (D:7)
  4 ogres
  4 ice beasts
  A necrophage (D:7)
  A centaur (D:7)
  A scorpion (D:6)
  10 killer bees
  An orc priest (D:7)
  A centaur skeleton (D:4)
  A jelly (D:5)
  2 iguanas
  Ijyb (D:4)
  4 orc wizards
  A hound zombie (D:5)
  A howler monkey skeleton (D:7)
  9 adders
  11 gnolls (D:7)
  A shadow imp (D:6)
  A white imp (D:7)
  An ufetubus (D:7)
  An adder skeleton (D:5)
  3 worms
  A dart slug (D:5)
  16 orcs
  3 ball pythons
  7 endoplasms
  4 giant cockroaches
  9 goblins
  6 hobgoblins
  4 jackals (D:1)
  7 kobolds
  2 quokkas
  5 bats
  3 frilled lizards
  8 rats
148 creatures vanquished.

Vanquished Creatures (collateral kills)
  A goblin (D:2)
1 creature vanquished.

Vanquished Creatures (others)
  An orc (D:4)
  A fungus (D:2)
2 creatures vanquished.

Grand Total: 151 creatures vanquished

Notes
Turn   | Place    | Note
-------+----------+-------------------------------------------
     0 | D:1      | alasdair19 the Minotaur Fighter began the quest for the
                  | Orb.
     0 | D:1      | Reached XP level 1. HP: 19/19 MP: 0/0
   414 | D:1      | Found Haoschomo's Magic Scroll Emporium.
   428 | D:1      | Reached XP level 2. HP: 27/27 MP: 1/1
  1000 | D:2      | Reached skill level 3 in Long Blades
  1009 | D:2      | Reached XP level 3. HP: 23/33 MP: 2/2
  1396 | D:2      | Found Xaitam's Weapon Emporium.
  1721 | D:2      | Reached XP level 4. HP: 41/41 MP: 3/3
  1947 | D:2      | Found a faded altar of an unknown god.
  2109 | D:3      | Noticed an ice beast
  2117 | D:3      | Killed an ice beast
  2118 | D:3      | Reached skill level 4 in Long Blades
  2118 | D:3      | Reached XP level 5. HP: 39/47 MP: 4/4
  2288 | D:3      | Noticed Sigmund
  2295 | D:3      | Killed Sigmund
  2296 | D:3      | Reached skill level 5 in Long Blades
  2296 | D:3      | Reached skill level 5 in Armour
  2296 | D:3      | Reached XP level 6. HP: 49/55 MP: 5/5
  2550 | D:4      | Reached skill level 5 in Fighting
  2550 | D:4      | Reached skill level 5 in Shields
  2610 | D:4      | Found a transporter.
  2612 | D:4      | Noticed an ice beast
  2612 | D:4      | Noticed an ice beast
  2612 | D:4      | Noticed an ice beast
  2829 | D:1      | Bought a scroll of identify for 26 gold pieces
  2829 | D:1      | Bought a scroll of identify for 26 gold pieces
  2829 | D:1      | Bought a scroll of identify for 26 gold pieces
  2829 | D:1      | Bought a scroll of identify for 26 gold pieces
  2901 | D:5      | Entered Level 5 of the Dungeon
  3200 | D:4      | Noticed Ijyb
  3230 | D:4      | Killed Ijyb
  3420 | D:4      | Found a transporter.
  3443 | D:4      | Killed an ice beast
  3444 | D:4      | Reached skill level 6 in Long Blades
  3444 | D:4      | Reached XP level 7. HP: 59/61 MP: 6/6
  4365 | D:5      | Reached skill level 7 in Long Blades
  4365 | D:5      | Reached skill level 1 in Evocations
  4422 | D:5      | Found an iron altar of Okawaru.
  4428 | D:5      | Became a worshipper of Warmaster Okawaru
  4550 | D:5      | Reached XP level 8. HP: 20/69 MP: 7/7
  4804 | D:5      | Noticed Grinder
  4820 | D:5      | Killed Grinder
  5280 | D:5      | Found a radiant altar of Vehumet.
  5284 | D:5      | Found a basalt altar of Yredelemnul.
  5475 | D:6      | Reached skill level 8 in Long Blades
  5661 | D:6      | Reached * piety under Okawaru
  5662 | D:6      | Reached skill level 1 in Invocations
  5819 | D:6      | Found a glowing silver altar of Zin.
  5856 | D:6      | Found Xenimuts's Antique Armour Emporium.
  6034 | D:6      | Found a runed translucent door.
  6036 | D:6      | Noticed sobakacece's ghost (novice MiFi)
  6049 | D:6      | Killed sobakacece's ghost
  6050 | D:6      | Reached skill level 9 in Long Blades
  6050 | D:6      | Reached XP level 9. HP: 37/77 MP: 7/9
  6242 | D:6      | Reached ** piety under Okawaru
  6268 | D:6      | Found a staircase to the Ecumenical Temple.
  6653 | D:7      | Found a shimmering altar of Xom.
  8120 | D:7      | Reached skill level 1 in Slings
  8350 | D:8      | Reached *** piety under Okawaru
  8351 | D:8      | Reached skill level 10 in Long Blades
  8698 | D:8      | Noticed a skeletal warrior
  8698 | D:8      | Noticed a skeletal warrior
  8728 | D:8      | Killed a skeletal warrior
  8729 | D:8      | Reached XP level 10. HP: 39/86 MP: 10/12
  8754 | D:8      | HP: 3/86 [skeletal warrior[a skeletal warrior] (4)]
  9137 | D:7      | Slain by a skeletal warrior

Illustrated notes

Levels and vault maps discovered:
D:1:      dpeg_arrival_refuge, layout_basic, serial_shops,
          nicolae_shop_window_shopping
D:2:      cheibrodos_helix_gallery, layout_loops_ring,
          shapermc_ecumenical_altar_mp_urbaneastern, serial_shops, shop,
          minmay_tiny_reverse_x
D:3:      layout_rooms, uniq_sigmund
D:4:      gammafunk_cloud_chamber, layout_layer_cave, uniq_ijyb
D:5:      layout_loops_ring, old_standard_altar,
          chequers_temple_overflow_statue_of_worship, uniq_grinder
D:6:      layout_basic, zin_statuary, minmay_temple_entry_hall, serial_shops,
          nicolae_shop_waterfront, ebering_ghost_reflecting_pool, hex_tiny
D:7:      layout_basic, xom_teletrap_fun, minmay_liquid_box
D:8:      minmay_octagon_keep, layout_loops_corners, lemuel_round_altar,
          uniq_harold

Skill      XL: |  1  2  3  4  5  6  7  8  9 |
---------------+----------------------------+-----
Shields        | 4 5 6 7 8 |  8.2
Fighting       | 4 5 6 7 |  7.3
Armour         | 4 5 6 7 8 |  8.6
Long Blades    | 3 4 5 6 7 9 10 | 10.1
Evocations     | 1 2 |  2.2
Invocations    | 2 4 |  4.5
Slings         | 3 |  3.0
Throwing       | |  0.2
Dodging        | |  0.3

Action                   |  1- 3 |  4- 6 |  7- 9 | 10-12 || total
-------------------------+-------+-------+-------+-------++-------
Melee: Long sword        |    84 |   107 |    25 |       ||   216
       Headbutt          |     9 |    17 |    56 |    10 ||    92
       Scimitar          |       |       |   306 |    31 ||   337
 Fire: Hunting sling     |       |       |    13 |     4 ||    17
Throw: Boomerang         |       |     1 |       |       ||     1
       Throwing net      |       |       |     1 |     2 ||     3
Invok: Heroism           |       |       |     3 |       ||     3
  Use: Scroll            |     4 |     7 |     2 |       ||    13
       Potion            |       |     2 |     3 |     1 ||     6
 Stab: Held in net/web   |       |       |       |     1 ||     1
Armor: Scale mail        |    32 |    58 |    68 |       ||   158
       Plate armour      |       |       |   102 |     3 ||   105
Dodge: Dodged            |    26 |    38 |    83 |     1 ||   148
Block: Kite shield       |    44 |    71 |   176 |    10 ||   301
       Rpst.: Long sword |     8 |     5 |     2 |       ||    15
       Scimitar          |       |       |    21 |       ||    21
